 Dungeon Crawl Stone Soup version 0.28-a0-1518-gbe868bca14 (webtiles) character file.

Game seed: 6641621843220141480

141 knot the Chopper (level 5, 41/41 HPs)
             Began as a Demonspawn Berserker on Jan 17, 2022.
             Was a Believer of Trog.
             Quit the game on level 3 of the Dungeon.
             The game lasted 00:02:05 (2747 turns).

knot the Chopper (Demonspawn Berserker)             Turns: 2747, Time: 00:02:06

Health: 41/41      AC:  6    Str: 18    XL:     5   Next: 3%
Magic:  5/5        EV: 13    Int: 10    God:    Trog [**....]
Gold:   116        SH:  0    Dex: 12    Spells: 4/4 levels left

rFire   . . .      SeeInvis .   l - +3 hand axe
rCold   . . .      Faith    .   (no shield)
rNeg    . . .      Spirit   .   g - +0 ring mail
rPois   .          Reflect  .   m - +0 helmet
rElec   .          Harm     .   (no cloak)
rCorr   .          Rampage  .   (no gloves)
Will    .....                   (no boots)
Stlth   +.........              (no amulet)
HPRegen 1.13/turn               (no ring)
MPRegen 0.18/turn               (no ring)

@: no status effects
A: repulsion field 1, powered by death 1, magic regeneration
a: Renounce Religion, Berserk, Trog's Hand


You were on level 3 of the Dungeon.
You worshipped Trog.
Trog was pleased with you.
You visited 1 branch of the dungeon, and saw 3 of its levels.

You collected 116 gold pieces.

Inventory:

Hand Weapons
 l - a +3 hand axe (weapon)
Missiles
 d - 6 poisoned darts (quivered)
 e - 57 stones
 k - 29 sling bullets
Armour
 g - a +0 ring mail (worn)
 m - a +0 helmet (worn)
Scrolls
 f - 2 scrolls of identify {unknown}
 h - a scroll of enchant weapon {unknown}
 i - 2 scrolls of noise {unknown}
 j - a scroll of vulnerability {unknown}
Potions
 a - a potion of degeneration {unknown}
 b - a potion of curing {unknown}
 c - a potion of haste {unknown}


   Skills:
 - Level 3.0 Fighting
 * Level 4.4 Axes
 * Level 2.4 Throwing
 - Level 1.7 Armour
 - Level 1.7 Dodging


You had 4 spell levels left.
You didn't know any spells.
Your spell library contained the following spells:

 Spells                   Type           Power      Damage    Failure   Level
 Confusing Touch          Hex            0%         N/A       89%         3
 Yara's Violent Unravell  Hex/Tmut       0%         3d3       100%        5
 Enfeeble                 Hex            0%         N/A       100%        7


Dungeon Overview and Level Annotations

Branches:
Dungeon (3/15)

Altars:


Innate Abilities, Weirdness & Mutations

You are surrounded by a mild repulsion field. (EV +2)
You regenerate a little health from kills.
You regenerate magic rapidly.


Message History

The frilled lizard bites you but does no damage.
You slash the frilled lizard!
You kill the frilled lizard!
Trog accepts your kill.
You hit the hobgoblin.
The hobgoblin is heavily wounded.
The hobgoblin barely misses you.
You hit the hobgoblin.
You kill the hobgoblin!
Trog accepts your kill.
No target in view!
No target in view!
You open the door.
There is an open door here.
A hobgoblin comes into view.
A hobgoblin is nearby!
You hit the hobgoblin.
You kill the hobgoblin!
Trog accepts your kill.
No target in view!
An adder comes into view.
An adder is nearby!
The adder hisses angrily.
The adder misses you. The adder bites you but does no damage.
You slash the adder!
The adder is almost dead.
The adder closely misses you.
You closely miss the adder.
The adder is almost dead.
The adder closely misses you.
You hit the adder but do no damage.
The adder is almost dead.
The adder bites you but does no damage. The adder closely misses you.
You hit the adder.
You kill the adder!
Trog accepts your kill.
You have reached level 5!
Your demonic ancestry asserts itself...
You begin to radiate repulsive energy.
Are you sure you want to abandon this character and quit the game? (Confirm with "yes".)

.## ..# ###...# ... .....##
#.# .### #.# ## #.# #
##########.# #..........##
######## #######.#######...###
#....... ........###....†@...#
#.#####.
##................#.######.###
#.
#..>............##..........#
#.
#.....#>######†.#########.#.#
#. #........#####..# #.#.###.
#######.........## #.†.....
##.#####...## ###.#### #.#
##.....## ###.## #.#
#.......## ##....#


There were no monsters in sight!

Vanquished Creatures
  Jessica (D:2)
  Robin (D:2)
  2 adders (D:3)
  A worm (D:2)
  3 dart slugs
  5 ball pythons
  4 bats
  7 endoplasms
  14 goblins
  11 hobgoblins
  7 jackals (D:1)
  4 frilled lizards
  4 kobolds
  6 rats
70 creatures vanquished.

Notes
Turn   | Place    | Note
-------+----------+-------------------------------------------
     0 | D:1      | knot the Demonspawn Berserker began the quest for the Orb.
     0 | D:1      | Reached XP level 1. HP: 18/18 MP: 1/1
   162 | D:1      | Reached skill level 3 in Axes
   178 | D:1      | Gained mutation: You regenerate magic rapidly. [demonic
                  | ancestry]
   178 | D:1      | Reached XP level 2. HP: 15/24 MP: 2/2
   519 | D:1      | Reached XP level 3. HP: 7/29 MP: 3/3
  1232 | D:1      | Reached skill level 1 in Throwing
  1682 | D:2      | Reached ** piety under Trog
  1742 | D:2      | Noticed Jessica
  1746 | D:2      | Killed Jessica
  1747 | D:2      | Reached skill level 4 in Axes
  1747 | D:2      | Gained mutation: You regenerate a little health from kills.
                  | [demonic ancestry]
  1747 | D:2      | Reached XP level 4. HP: 27/35 MP: 4/4
  1938 | D:2      | Noticed Robin
  1953 | D:2      | Killed Robin
  2747 | D:3      | Gained mutation: You are surrounded by a mild repulsion
                  | field. (EV +2) [demonic ancestry]
  2747 | D:3      | Reached XP level 5. HP: 41/41 MP: 5/5
  2747 | D:3      | Quit the game

Illustrated notes

Levels and vault maps discovered:
D:1:      dpeg_arrival_renting, layout_loops_ring
D:2:      layout_loops_ring, uniq_robin, uniq_jessica
D:3:      layout_loops_corners, general_overflow_altar, minmay_cupped

Skill      XL: |  1  2  3  4 |
---------------+-------------+-----
Axes           | 3 4 |  4.4
Throwing       | 1 2 |  2.4
Fighting       | |  3.0
Armour         | |  1.7
Dodging        | |  1.7

Action                   |  1- 3 |  4- 6 || total
-------------------------+-------+-------++-------
Melee: Hand axe          |   126 |    51 ||   177
       Punch             |     1 |       ||     1
Invok: Berserk           |     1 |     2 ||     3
 Stab: Sleeping          |     1 |       ||     1
Armor: Animal skin       |    12 |       ||    12
       Ring mail         |    15 |    18 ||    33
Dodge: Dodged            |    71 |    25 ||    96

Table legend: (Time is in decaauts)
 A = Elapsed time spent in this place.
 B = Non-inter-level travel time spent in this place.
 C = Inter-level travel time spent in this place.
 D = Time resting spent in this place.
 E = Time spent auto-exploring this place.
 F = Levels seen in this place.
 G = Mean time per level.
                   A        B        C        D        E       F      G
               +--------+--------+--------+--------+--------+-----+--------+
         Total |   2786 |   2696 |     90 |    407 |   1904 |   3 |  928.7 |
       Dungeon |   2786 |   2696 |     90 |    407 |   1904 |   3 |  928.7 |
               +--------+--------+--------+--------+--------+-----+--------+

Top non-repeatable levels by time:
     D:1: 1462 daAuts
     D:2: 1101 daAuts
     D:3: 222 daAuts
